 Dungeon Crawl Stone Soup version 0.28.0-53-g5a82cb258f (webtiles) character file.

Game seed: 18166807331859479995

39 DemonSlayer the Firebug (level 3, 0/24 HPs)
             Began as a Demonspawn Fire Elementalist on Aug 18, 2022.
             Slain by a worm (11 damage)
             ... on level 2 of the Dungeon.
             The game lasted 00:01:27 (1812 turns).

DemonSlayer the Firebug (DsFE)                      Turns: 1812, Time: 00:01:27

Health: 0/24       AC:  2    Str:  8    XL:     3   Next: 26%
Magic:  6/6        EV: 12    Int: 18    God:
Gold:   106        SH:  0    Dex: 13    Spells: 3/6 levels left

rFire   . . .      SeeInvis .   i - +0 long sword
rCold   . . .      Faith    .   (no shield)
rNeg    . . .      Spirit   .   a - +0 robe
rPois   .          Reflect  .   (helmet restricted)
rElec   .          Harm     .   (no cloak)
rCorr   .          Rampage  .   (no gloves)
Will    .....                   (no boots)
Stlth   ++........              (no amulet)
HPRegen 0.08/turn               (no ring)
MPRegen 0.10/turn               (no ring)

@: no status effects
A: horns 1, spiny 1
a: no special abilities


You were on level 2 of the Dungeon.
You visited 1 branch of the dungeon, and saw 2 of its levels.

You collected 106 gold pieces.

Inventory:

Hand Weapons
 i - a +0 long sword (weapon)
Armour
 a - a +0 robe (worn)
Wands
 j - a wand of paralysis (5)
Scrolls
 b - a scroll of identify {unknown}
 d - a scroll of teleportation {unknown}
 e - a scroll of vulnerability {unknown}
 g - a scroll of immolation {unknown}
 l - a scroll of acquirement {unknown}
Potions
 c - a potion of mutation {unknown}
 f - a potion of might {unknown}
 h - a potion of attraction {unknown}
 k - 2 potions of berserk rage {unknown}


   Skills:
 + Level 0.2 Long Blades
 + Level 2.1 Dodging
 + Level 2.2 Stealth
 + Level 0.3 Unarmed Combat
 + Level 2.3 Spellcasting
 + Level 1.2 Conjurations
 + Level 3.1 Fire Magic


You had 3 spell levels left.
You knew the following spells:

 Your Spells              Type           Power      Damage    Failure   Level
a - Foxfire               Conj/Fire      36%        2x1d5     7%          1
b - Scorch                Fire           26%        2d6       8%          2

Your spell library contained the following spells:

 Spells                   Type           Power      Damage    Failure   Level
 Pain                     Necr           8%         1d4       17%         1
 Conjure Flame            Conj/Fire      9%         6-21      22%         3
 Inner Flame              Hex/Fire       7%         N/A       28%         3
 Flame Wave               Conj/Fire      9%         2d5       56%         4
 Agony                    Necr           2%         N/A       99%         5
 Excruciating Wounds      Necr           1%         N/A       99%         5


Dungeon Overview and Level Annotations

Branches:
Dungeon (2/15)

Altars:


Innate Abilities, Weirdness & Mutations

You have a pair of small horns on your head.
You are partially covered in sharp spines.


Message History

The endoplasm barely misses you.
An endoplasm is nearby!
You completely miss the endoplasm. The endoplasm barely misses you.
An endoplasm is nearby!
You barely miss the endoplasm.
You headbutt the endoplasm, but do no damage.
The endoplasm freezes you.
You are frozen.
An endoplasm is nearby!
You slash the endoplasm!
You kill the endoplasm!
Key pressed, stopping explore.
No target in view!
No target in view!
A kobold and a worm come into view.
There are monsters nearby!
The kobold shouts!
There are monsters nearby!
The kobold hits you with a +0 club.
There are monsters nearby!
You barely miss the kobold. The kobold is struck by your spines.
You kill the kobold!
A worm is nearby!
You see here a +0 club.
You hit the worm.
The worm is lightly wounded.
The worm bites you!
A worm is nearby!
You are too injured to fight recklessly!
You are too injured to fight recklessly!
You are too injured to fight recklessly!
You are too injured to fight recklessly!
You are too injured to fight recklessly!
You slash the worm!
The worm is heavily wounded.
The worm barely misses you.
You hit the worm.
The worm is severely wounded.
The worm is struck by your spines. The worm bites you!
You die...

#. #######.# #.
#.......# #.
#..$....# ##.
#.......#.# #..
#.......#.# #.#
#.......#.# #.#
#+##.......#.# #.#
......w@...#.#.##<#
#.#
........##.#.#.##.#
#.#
........##.#.#.##.#
#.#
#+#.....+....#.##.#
#.#
#.#...##.###.##.#
#.# #.#...##.#
#.##.# #.# #
#...##.# #.##.# #.#
#...##.###.##.####.#
#...........>.#


You could see a worm.

Vanquished Creatures
  A gnoll (D:2)
  A worm (D:2)
  A ball python (D:2)
  An endoplasm (D:2)
  3 giant cockroaches
  2 goblins (D:1)
  4 hobgoblins
  2 jackals (D:2)
  4 kobolds
  2 bats
  3 frilled lizards
  A rat (D:2)
25 creatures vanquished.

Vanquished Creatures (others)
  67 foxfires
67 creatures vanquished.

Grand Total: 92 creatures vanquished

Notes
Turn   | Place    | Note
-------+----------+-------------------------------------------
     0 | D:1      | DemonSlayer the Demonspawn Fire Elementalist began the
                  | quest for the Orb.
     0 | D:1      | Reached XP level 1. HP: 13/13 MP: 3/3
   488 | D:1      | Gained mutation: You are partially covered in sharp spines.
                  | [demonic ancestry]
   488 | D:1      | Reached XP level 2. HP: 16/19 MP: 1/5
   861 | D:1      | Learned a level 2 spell: Scorch
  1283 | D:2      | Reached skill level 3 in Fire Magic
  1432 | D:2      | Gained mutation: You have a pair of small horns on your
                  | head. [demonic ancestry]
  1432 | D:2      | Reached XP level 3. HP: 16/24 MP: 0/6
  1812 | D:2      | Slain by a worm

Illustrated notes

Levels and vault maps discovered:
D:1:      kennysheep_arrival_seaside, layout_rooms
D:2:      kennysheep_six_static_rooms, layout_basic,
          dilly_ecumenical_altar_fadedgnrine

Skill      XL: |  1  2 |
---------------+-------+-----
Stealth        | 2 |  2.2
Dodging        | 2 |  2.1
Fire Magic     | 3 |  3.1
Long Blades    | |  0.2
Unarmed Combat | |  0.3
Spellcasting   | |  2.3
Conjurations   | |  1.2

Action                   || total
-------------------------++-------
Melee: Unarmed           ||    26
       Long sword        ||    27
       Headbutt          ||     1
 Cast: Foxfire           ||    43
 Stab: Sleeping          ||     2
Armor: Robe              ||     7
Dodge: Dodged            ||    38
